 Dungeon Crawl Stone Soup version 0.27-a0-604-g29a88b33a7 (webtiles) character file.

Game seed: 16786049151501456057

72 sanka the Slasher (level 4, -11/35 HPs)
             Began as a Vampire Abyssal Knight on Mar 12, 2021.
             Was a Believer of Lugonu.
             Mangled by a gnoll
             ... wielding a +2 halberd of venom
              (13 damage)
             ... on level 2 of the Dungeon.
             The game lasted 00:04:09 (1673 turns).

sanka the Slasher (Vampire Abyssal Knight)          Turns: 1673, Time: 00:04:09

Health: -11/35     AC:  3    Str: 11    XL:     4   Next: 7%
Magic:  5/5        EV: 12    Int: 14    God:    Lugonu [**....]
Gold:   101        SH:  5    Dex: 14    Spells: 3/3 levels left

rFire    . . .     SeeInvis +   a - +1 falchion
rCold    . . .     Faith    .   (no shield)
rNeg     . . .     Spirit   .   b - +0 leather armour
rPois    .         Reflect  +   (no helmet)
rElec    .         Harm     .   (no cloak)
rCorr    .         Rampage  .   (no gloves)
Will     .....                  (no boots)
Stlth    +.........             m - amulet of reflection
HPRegen  0.31/turn              (no ring)
MPRegen  0.09/turn              (no ring)

@: brilliant, lethally poisoned (-11 -> -29), regenerating quickly
A: fangs 3, see invisible, unbreathing 1, vampiric 2
a: Exsanguinate, Renounce Religion, Depart the Abyss, Bend Space


You were on level 2 of the Dungeon.
You worshipped Lugonu.
Lugonu was pleased with you.
You visited 1 branch of the dungeon, and saw 2 of its levels.
You visited the Abyss 1 time.

You collected 101 gold pieces.


Innate Abilities, Weirdness & Mutations

Your natural rate of healing is unusually fast.
You have razor-sharp teeth.
You have supernaturally acute eyesight. (SInv)
You can survive without breathing.
You are afflicted with vampirism and can become a bat while bloodless.


   Skills:
 - Level 3.0 Fighting
 * Level 4.1 Long Blades
 - Level 0.7 Armour
 + Level 2.2 Dodging
 + Level 1.6 Invocations


You had 3 spell levels left.
You didn't know any spells.
Your spell library was empty.

Inventory:

Hand Weapons
 a - a +1 falchion (weapon)
 i - a +0 hand axe of venom
Armour
 b - a +0 leather armour (worn)
Jewellery
 m - an amulet of reflection (around neck)
Scrolls
 e - 2 scrolls of teleportation {unknown}
 f - a scroll of enchant armour {unknown}
 j - 3 scrolls of identify {unknown}
 k - a scroll of fear {unknown}
 l - a scroll of fog {unknown}
Potions
 c - a potion of brilliance
 d - 2 potions of curing {unknown}
 g - a potion of resistance {unknown}
 h - a potion of magic {unknown}

Dungeon Overview and Level Annotations

Branches:
Dungeon (2/15)

Altars:
Ashenzari

▒..▒
▒▒▒.▒▒..▒▒......▒
▒▒.▒
▒▒.....▒▒.▒▒.▒.▒▒ ▒▒
▒.▒
▒▒▒...▒........▒..▒
▒. ▒.▒
▒▒▒...........▒▒▒▒▒.▒
▒▒▒. ▒.▒▒
▒▒...▒▒▒....▒▒▒▒
▒.▒▒▒...
▒..▒▒▒...▒▒▒.....▒
▒..▒▒.▒▒
▒................▒
▒▒.....▒
▒▒..▒▒..▒.........▒
▒▒....▒
....▒▒.▒▒...<.g.V.▒
▒▒...▒
........▒▒▒▒▒▒▒▒▒.▒▒
▒...▒ ▒▒▒.▒....▒ ▒..▒
▒...▒
.........▒▒▒▒▒▒▒▒▒.▒
▒...▒
...........[g..▒▒▒.▒
▒...▒
........▒▒▒▒▒▒.....▒
▒...▒ ........▒
▒▒▒▒▒▒▒ ........▒
........▒


You could see a gnoll.


Message History

You hit the gnoll but do no damage.
The gnoll is lightly wounded.
You completely miss the gnoll.
The gnoll is lightly wounded.
The gnoll hits you with a +2 halberd of venom!
You are poisoned.
You feel sick.
The gnoll hits you with a +2 halberd of venom.
* * * LOW HITPOINT WARNING * * *
You are lethally poisoned!
You climb downwards.
* * * LOW HITPOINT WARNING * * *
You feel very sick.
There is a stone staircase leading up here.
* * * LOW HITPOINT WARNING * * *
You feel sick. The gnoll hits you but does no damage.
You are more poisoned.
* * * LOW HITPOINT WARNING * * *
You feel very sick.
* * * LOW HITPOINT WARNING * * *
You feel very sick.
* * * LOW HITPOINT WARNING * * *
You feel sick.
It was a potion of brilliance.
You feel clever all of a sudden.
* * * LOW HITPOINT WARNING * * *
You feel sick.
The gnoll hits you from afar with a +2 halberd of venom!
You die...

Action                   |  1- 3 |  4- 6 || total
-------------------------+-------+-------++-------
Melee: Falchion          |    97 |     5 ||   102
       Bite              |    17 |       ||    17
  Use: Potion            |       |     1 ||     1
 Stab: Sleeping          |     1 |       ||     1
Armor: Leather armour    |    14 |     1 ||    15
Dodge: Dodged            |    66 |     2 ||    68
Block: Other             |     9 |     2 ||    11
       Rpst.: Falchion   |    22 |     1 ||    23

Levels and vault maps discovered:
D:1:      sevenhm_arrival_forest_fort_small_5, layout_basic,
          nicolae_ashenzari_panopticon
D:2:      layout_rooms, nicolae_ru_path_of_blood

Notes
Turn   | Place    | Note
-------+----------+-------------------------------------------
     0 | Abyss:1  | sanka the Vampire Abyssal Knight began the quest for the
                  | Orb.
     0 | Abyss:1  | Reached XP level 1. HP: 17/17 MP: 2/2
    33 | Abyss:1  | Found a stormy altar of Qazlal.
    57 | D:1      | Escaped the Abyss
   230 | D:1      | Found a broken altar of Ashenzari.
   283 | D:1      | Reached skill level 3 in Fighting
   297 | D:1      | Reached XP level 2. HP: 24/24 MP: 3/3
   763 | D:2      | Reached skill level 3 in Long Blades
   898 | D:2      | Reached ** piety under Lugonu
   934 | D:2      | Gained mutation: You are afflicted with vampirism and can
                  | become a bat while bloodless. [Vampire growth]
   934 | D:2      | Reached XP level 3. HP: 12/29 MP: 4/4
  1473 | D:1      | Reached skill level 4 in Long Blades
  1632 | D:1      | Reached XP level 4. HP: 27/35 MP: 5/5
  1672 | D:2      | HP: 3/35 [poisoned by a gnoll]
  1673 | D:2      | Mangled by a gnoll

Vanquished Creatures
  3 gnolls (D:1)
  An adder (D:2)
  A worm (D:2)
  A leopard gecko (D:2)
  3 giant cockroaches (D:1)
  5 goblins
  3 hobgoblins
  2 ball pythons
  2 bats
  2 frilled lizards
  5 kobolds
  4 rats (D:1)
32 creatures vanquished.
